 Dungeon Crawl Stone Soup version 0.24.0-1-gfbc8707122 (webtiles) character file.

Game seed: 6707330256972608170, levelgen mode: deterministic

85 Mrkan the Slasher (level 4, 0/40 HPs)
             Began as a Draconian Monk on Oct 25, 2019.
             Slain by a phantom (4 damage)
             ... on level 4 of the Dungeon.
             The game lasted 00:02:52 (1053 turns).

Mrkan the Slasher (Draconian Monk)                  Turns: 1053, Time: 00:02:53

Health: 0/40       AC:  5    Str: 14    XL:     4   Next: 25%
Magic:  4/4        EV: 13    Int: 11    God:
Gold:   55         SH:  0    Dex: 13    Spells: 3/3 levels left

rFire    . . .     SeeInvis .   a - +0 falchion
rCold    . . .     Gourm    .   (no shield)
rNeg     . . .     Faith    .   (armour unavailable)
rPois    .         Spirit   .   (helmet restricted)
rElec    .         Reflect  .   (no cloak)
rCorr    .         Harm     .   (no gloves)
MR       .....                  (no boots)
Stlth    ++........             (no amulet)
HPRegen  0.13/turn              (no ring)
MPRegen  0.09/turn              (no ring)

@: no status effects
A: unfitting armour, cold-blooded, AC +5
a: no special abilities


You were on level 4 of the Dungeon.
You were hungry.

You visited 1 branch of the dungeon, and saw 3 of its levels.

You collected 55 gold pieces.

Inventory:

Hand Weapons
 a - a +0 falchion (weapon)
Jewellery
 f - an uncursed ring of ice {unknown}
Scrolls
 c - 2 scrolls of remove curse {unknown}
 e - a scroll of identify {unknown}
 g - a scroll of random uselessness {unknown}
Potions
 d - a potion of berserk rage
 h - a potion of degeneration {unknown}
Comestibles
 b - 2 rations


   Skills:
 + Level 4.2 Fighting
 * Level 4.5 Long Blades
 - Level 2.6 Dodging
 - Level 1.7 Stealth


You had 3 spell levels left.
You didn't know any spells.
Your spell library was empty.

Dungeon Overview and Level Annotations

Branches:
Dungeon (2/15)

Altars:
Xom
The Shining One

Shops:
D:4 *


Innate Abilities, Weirdness & Mutations

Your plain brown scales are hard. (AC +5)
You cannot fit into any form of body armour.
You are cold-blooded and may be slowed by cold attacks.


Message History

You closely miss the phantom.
You tail-slap the phantom, but do no damage.
The phantom is severely damaged.
The phantom hits you.
The phantom blinks!
The phantom hits you but does no damage.
You hit the phantom.
The phantom is severely damaged.
The phantom hits you!
* * * LOW HITPOINT WARNING * * *
You hit the phantom.
The phantom is almost destroyed.
The phantom hits you.
* * * LOW HITPOINT WARNING * * *
The phantom blinks!
The phantom blinks!
The phantom blinks!
You barely miss the phantom.
The phantom is severely damaged.
The phantom hits you.
You die...

# # ##### # . ##≈≈≈## # ..
##≈≈≈≈≈# # ....### ##...∩≈≈### #
#........# #..≈≈≈≈≈.....
######.......#..#####...≈≈≈...###
.....#.........W@.............#
....................#.........#
....................#.........#
......##......................#
##......###........#....#.#####
##...(.####.....#.#.##.#.#
##..#.....#........#.##.#.#
.#.####............#.##.#.# ...#
###.........#.##..


You could see a phantom.

Vanquished Creatures
  A worker ant (D:4)
  2 adders (D:4)
  4 dart slugs
  A leopard gecko (D:1)
  3 giant cockroaches (D:1)
  4 hobgoblins
  3 kobolds
  7 bats (D:1)
  4 frilled lizards
  3 goblins (D:1)
  4 rats
36 creatures vanquished.

Notes
Turn   | Place    | Note
-------+----------+-------------------------------------------
     0 | D:1      | Mrkan the Draconian Monk began the quest for the Orb.
     0 | D:1      | Reached XP level 1. HP: 19/19 MP: 1/1
    82 | D:1      | Reached XP level 2. HP: 16/26 MP: 2/2
   331 | D:1      | Reached XP level 3. HP: 33/33 MP: 3/3
   759 | D:2      | Found a shimmering altar of Xom.
   780 | D:2      | You fall into a shaft and drop 2 floors!
   802 | D:4      | Reached XP level 4. HP: 5/40 MP: 4/4
   939 | D:4      | Noticed a phantom
   945 | D:4      | Found a glowing golden altar of the Shining One.
   985 | D:4      | Found Ehin Sae's General Store.
  1053 | D:4      | Slain by a phantom

Levels and vault maps discovered:
D:1:      kennysheep_arrival_seaside, layout_rooms
D:2:      layout_basic, xom_teletrap_fun
D:4:      layout_rooms, serial_shops, nicolae_shop_waterfront, first_ration,
          tso_metal_star

Skill      XL: |  1  2  3 |
---------------+----------+-----
Long Blades    | 4 |  4.5
Fighting       | 4 |  4.2
Dodging        | |  2.6
Stealth        | |  1.7

Action                   |  1- 3 |  4- 6 || total
-------------------------+-------+-------++-------
Melee: Falchion          |    84 |    29 ||   113
       Tailslap          |    10 |     4 ||    14
  Use: Potion            |       |     3 ||     3
 Stab: Sleeping          |     5 |       ||     5
Armor: Skin              |    24 |    10 ||    34
Dodge: Dodged            |    64 |    13 ||    77
       Rpst.: Falchion   |    20 |     6 ||    26
